 Dungeon Crawl Stone Soup version 0.14.0-26-g1682e81 (webtiles) character file.

5653 Heini the Cleaver (level 10, -2/92 HPs)
             Began as a Hill Orc Fighter on Apr 27, 2014.
             Was a Priest of Okawaru.
             Slain by an unseen horror (3 damage)
             ... on Level 9 of the Dungeon.
             The game lasted 00:36:26 (10349 turns).

Heini the Cleaver (Hill Orc Fighter)               Turns: 10349, Time: 00:36:26

HP  -2/92        AC 11     Str 23      XL: 10   Next: 50%
MP  11/11        EV  7     Int  8      God: Okawaru [***...]
Gold 788         SH 19     Dex 10      Spells:  0 memorised,  9 levels left

rFire  . . .     SeeInvis .     a - +1 war axe
rCold  . . .     Clarity  .     b - +1 scale mail
rNeg   . . .     Conserve .     c - +0 shield (curse)
rPois  .         rCorr    .     r - +0 helmet
rElec  .         rRot     .     (no cloak)
SustAb . .       Spirit   .     (no gloves)
rMut   .         Warding  .     (no boots)
Saprov + . .     Stasis   .     (no amulet)
MR     .....                    (no ring)
                                (no ring)

@: not resistant to hostile enchantments, extremely unstealthy
A: saprovore 1
a: Heroism, Renounce Religion


You were on level 9 of the Dungeon.
You worshipped Okawaru.
Okawaru was most pleased with you.
You were hungry.

You visited 2 branches of the dungeon, and saw 10 of its levels.
You also visited: Ossuary.

You collected 818 gold pieces.
You spent 30 gold pieces at shops.

Inventory:

Hand weapons
 a - a +1,+1 war axe (weapon)
Armour
 b - a +1 scale mail (worn)
 c - a cursed +0 shield (worn)
 r - a +0 helmet (worn)
 C - a cursed +0 pair of gloves
 O - a +0 chain mail
Magical devices
 l - a wand of frost (12) {unknown}
 v - a wand of confusion (17)
 E - a wand of cold (5) {unknown}
 F - a wand of random effects (20) {unknown}
 G - a wand of frost (7) {unknown}
 H - a wand of cold (6) {unknown}
 K - a wand of frost (7) {unknown}
Comestibles
 d - 4 meat rations
 g - 3 bread rations
 h - a beef jerky
 z - 2 chokos
 I - 11 sultanas
 R - a pear
 S - a snozzcumber
Scrolls
 e - 6 scrolls of remove curse
 f - 8 scrolls of teleportation
 n - 3 scrolls of fog
 p - a scroll of recharging
 u - 2 scrolls of fear
 y - a scroll of enchant armour
 N - 2 scrolls of enchant weapon I
 Q - a scroll of silence
Jewellery
 q - an uncursed ring of sustain abilities {unknown}
 A - an uncursed ring of sustain abilities {unknown}
 D - an uncursed ring of sustenance {unknown}
 L - a +4 ring of intelligence
 P - an uncursed ring of fire {unknown}
Potions
 i - 3 potions of haste
 j - a potion of confusion
 k - a potion of mutation {unknown}
 m - 4 potions of curing
 o - a potion of brilliance
 t - a potion of agility
 w - a potion of poison
 x - a potion of invisibility
 B - a potion of restore abilities
 J - a potion of resistance
 M - a potion of magic {unknown}


   Skills:
 * Level 9.6 Fighting
 * Level 12.8 Axes
 * Level 9.9 Armour
 - Level 0.1 Dodging
 - Level 3.2 Shields
 - Level 1.1 Invocations


You had 9 spell levels left.
You didn't know any spells.

Dungeon Overview and Level Annotations

Branches:
Dungeon (9/15)             Temple (1/1) D:5
    Orc: D:9-12        Lair: D:8-11

Altars:
Ashenzari
Cheibriados
Dithmenos
Elyvilon
Fedhas
Kikubaaqudgha
Nemelex Xobeh
Okawaru
Sif Muna
Trog
Vehumet
Xom
Yredelemnul
Zin
The Shining One

Shops:
D:9 }*


Innate Abilities, Weirdness & Mutations

You can tolerate rotten meat.


Message History

You completely miss something. You block its attack.
Something hits you but does no damage. The ogre skeleton hits you.
* * * LOW HITPOINT WARNING * * *
The ogre skeleton hits you but does no damage.
You hit the ogre skeleton. x2
You completely miss something. Something hits you.
* * * LOW HITPOINT WARNING * * *
Something hits you.
* * * LOW HITPOINT WARNING * * *
The ogre skeleton barely misses you. Something hits you.
* * * LOW HITPOINT WARNING * * *
You closely miss something. You hit the ogre skeleton.
You hit the ogre skeleton. You block the ogre skeleton's attack.
Something hits you.
* * * LOW HITPOINT WARNING * * *
You hit the ogre skeleton. You completely miss the ogre skeleton.
You barely miss something. Something hits you.
* * * LOW HITPOINT WARNING * * *
Something hits you.
You die...

#.# #.# #?# #.#
##.#######
#........#
#..#####.#
########## #.###
#@%Z.#.#### #...(
#ZZ#..#.#.#####...
#5%#..#.).(.# #.##
#'##..#.#.#(# #.#
#%.#.#.####.# #.#
##########..###.#
#.........#
.....#####..#
####. #..#


You could see a shadow imp and 3 ogre skeletons.

Vanquished Creatures
  The ghost of Heini the Cleaver, an experienced HOFi (D:6)
  A cyclops (D:6)
  A wraith (D:9)
  A hungry ghost (D:9)
  A hill giant zombie (D:5)
  A necrophage (D:9)
  A vampire mosquito (D:9)
  A sky beast (D:6)
  An ice beast (D:9)
  2 ogres
  A phantom (D:5)
  The ghost of Bikaver the Slasher, an average HESk of Fedhas (D:3)
  Duvessa (D:9)
  4 centaurs
  3 giant frogs
  2 big kobolds
  7 killer bees (D:9)
  3 scorpions
  4 wights (D:7)
  A spriggan skeleton (D:9)
  2 goliath beetles
  Dowan (D:9)
  4 crimson imps
  4 hounds
  9 orc wizards
  4 orc priests
  A centaur skeleton (D:9)
  A two-headed ogre skeleton (D:6)
  2 iguanas
  3 worker ants
  2 ogre skeletons
  10 mummies (Ossuary)
  A worm zombie (D:6)
  6 adders
  6 gnolls
  A giant mite (D:6)
  6 worms
  An iguana skeleton (D:7)
  2 giant eyeballs
  6 giant geckos
  5 oozes
  19 orcs
  3 ball pythons
  10 bats
  A bat skeleton (D:4)
  8 giant cockroaches
  13 hobgoblins
  16 jackals
  3 quokkas
  2 giant newts (D:1)
  A gnoll zombie (Ossuary)
  8 goblins
  A hobgoblin skeleton (D:8)
  2 hobgoblin zombies (Ossuary)
  21 kobolds
  4 kobold zombies (Ossuary)
  2 orc skeletons (D:5)
  An orc zombie (Ossuary)
  16 rats
246 creatures vanquished.

Vanquished Creatures (others)
  A hobgoblin (D:8)
1 creature vanquished.

Grand Total: 247 creatures vanquished

Notes
Turn   | Place    | Note
--------------------------------------------------------------
     0 | D:1      | Heini, the Hill Orc Fighter, began the quest for the Orb.
     0 | D:1      | Reached XP level 1. HP: 19/19 MP: 1/1
   127 | D:1      | Reached XP level 2. HP: 25/27 MP: 2/2
   171 | D:1      | Reached skill level 4 in Fighting
   249 | D:1      | Reached XP level 3. HP: 20/33 MP: 3/3
   881 | D:2      | Found a glowing silver altar of Zin.
  1006 | D:2      | Reached XP level 4. HP: 9/41 MP: 4/4
  1263 | D:2      | Found a white marble altar of Elyvilon.
  1450 | D:3      | Noticed Bikaver's ghost (average HESk)
  1464 | D:3      | Killed Bikaver's ghost
  1464 | D:3      | Reached XP level 5. HP: 8/47 MP: 5/5
  1991 | D:3      | Reached skill level 5 in Axes
  2233 | D:4      | Reached skill level 5 in Fighting
  2233 | D:4      | Reached skill level 5 in Armour
  2292 | D:4      | Reached XP level 6. HP: 53/56 MP: 6/6
  2319 | D:4      | Found a sand-covered staircase.
  2328 | Ossuary  | Entered an ossuary
  2970 | D:4      | Reached skill level 6 in Axes
  2970 | D:4      | Reached XP level 7. HP: 40/61 MP: 7/7
  3625 | D:5      | Entered Level 5 of the Dungeon
  3647 | D:5      | Found a staircase to the Ecumenical Temple.
  3657 | Temple   | Entered the Ecumenical Temple
  3770 | Temple   | Became a worshipper of Warmaster Okawaru
  4211 | D:5      | Reached skill level 7 in Axes
  4466 | D:5      | Reached XP level 8. HP: 4/70 MP: 8/8
  5433 | D:6      | Reached skill level 8 in Axes
  5672 | D:6      | Noticed a cyclops
  5692 | D:6      | Acquired Okawaru's first power
  5848 | D:6      | Killed a cyclops
  5848 | D:6      | Reached skill level 9 in Axes
  6012 | D:6      | Noticed Heini's ghost (experienced HOFi)
  6046 | D:6      | HP: 1/73 [Heini's ghost (18)]
  6050 | D:6      | Killed Heini's ghost
  6050 | D:6      | Reached skill level 1 in Invocations
  6050 | D:6      | Reached XP level 9. HP: 14/81 MP: 8/10
  6227 | D:6      | Reached skill level 10 in Axes
  6613 | D:6      | Paralysed by a giant eyeball for 3 turns
  7327 | D:7      | Found a radiant altar of Vehumet.
  7568 | D:7      | Reached skill level 11 in Axes
  7577 | D:8      | Found a shimmering altar of Xom.
  8216 | D:8      | HP: 3/82 [electric eel/bolt of electricity (10)]
  8218 | D:8      | HP: 1/82 [electric eel/bolt of electricity (2)]
  8755 | D:9      | Reached XP level 10. HP: 52/91 MP: 11/11
  8877 | D:9      | Found Zahuledd's General Store.
  8894 | D:9      | Bought a scroll of identify for 30 gold pieces
  8972 | D:9      | Reached skill level 12 in Axes
  9300 | D:9      | Paralysed by a giant eyeball for 4 turns
  9304 | D:9      | Found Mniumuu's Gadget Boutique.
  9312 | D:9      | Paralysed by a giant eyeball for 4 turns
  9619 | D:9      | Noticed Duvessa
  9620 | D:9      | Noticed Dowan
  9633 | D:9      | Killed Duvessa
  9645 | D:9      | Killed Dowan
 10348 | D:9      | HP: 4/92 [something (6)]
 10349 | D:9      | HP: 1/92 [something (3)]
 10349 | D:9      | Slain by an unseen horror

Action                   |  1- 3 |  4- 6 |  7- 9 | 10-12 || total
-------------------------+-------+-------+-------+-------++-------
Melee: War axe           |   108 |   191 |   506 |   200 ||  1005
Invok: Heroism           |       |       |     2 |     2 ||     4
  Use: Scroll            |       |    16 |     9 |     3 ||    28
       Potion            |       |     2 |    12 |       ||    14
